 Dungeon Crawl Stone Soup version 0.26-b1-52-g61e05abef2 (webtiles) character file.

Game seed: 14713342213819754383

38 Mattiprrivan the Grasshopper (level 3, -6/30 HPs)
             Began as a Ghoul Warper on Jan 7, 2021.
             Was an Initiate of Makhleb.
             Mangled by Zanetsu's ghost (9 damage)
             ... on level 3 of the Dungeon.
             The game lasted 00:18:28 (1560 turns).

Mattiprrivan the Grasshopper (Ghoul Warper)         Turns: 1560, Time: 00:18:30

Health: -6/30      AC:  3    Str: 13 (14) XL:     3   Next: 43%
Magic:  4/4        EV: 11    Int:  8      God:    Makhleb [......]
Gold:   125        SH:  0    Dex:  7 (9)  Spells: 2/5 levels left

rFire    + . .     SeeInvis .     - Unarmed
rCold    + + .     Faith    .   (no shield)
rNeg     + + +     Spirit   .   a - +0 leather armour
rPois    ∞         Reflect  .   (no helmet)
rElec    +         Harm     .   (no cloak)
rCorr    +         Rampage  .   (no gloves)
Will     +....                  (no boots)
Stlth    ..........             (no amulet)
HPRegen  0.00/turn              e - ring of willpower
MPRegen  0.09/turn              g - ring of attention (curse)

@: resistant
A: claws 1, cold resistance 1, negative energy resistance 3, inhibited
regeneration, torment resistance, unbreathing
a: Renounce Religion


You were on level 3 of the Dungeon.
You worshipped Makhleb.
Makhleb was noncommittal.
You visited 1 branch of the dungeon, and saw 3 of its levels.

You collected 125 gold pieces.

Inventory:

Hand Weapons
 b - a +0 spear
 f - a +0 mace
Armour
 a - a +0 leather armour (worn)
Jewellery
 e - a ring of willpower (left claw)
 g - a cursed ring of attention (right claw)
Wands
 j - a wand of flame (9)
Scrolls
 h - a scroll of identify
 k - 2 scrolls of teleportation


   Skills:
 * Level 2.3 Fighting
 * Level 0.2 Maces & Flails
 * Level 1.0 Throwing
 * Level 1.1 Armour
 * Level 2.1 Dodging
 * Level 1.0 Stealth
 * Level 2.4 Unarmed Combat
 * Level 1.9 Spellcasting
 * Level 3.0 Translocations
 * Level 0.2 Evocations


You had 2 spell levels left.
You knew the following spells:

 Your Spells              Type           Power        Failure   Level
a - Gell's Gravitas       Tloc           2%           36%         3

Your spell library contained the following spells:

 Spells                   Type           Power        Failure   Level
 Blink                    Tloc           N/A          21%         2
 Lesser Beckoning         Tloc           2%           36%         3
 Teleport Other           Tloc           5%           36%         3
 Passage of Golubria      Tloc           N/A          78%         4


Dungeon Overview and Level Annotations

Branches:
Dungeon (3/15)

Altars:
Gozag
Makhleb
Nemelex Xobeh
Ru
Trog
Wu Jian
Xom
Yredelemnul

Annotations:
D:3 Zanetsu's ghost, amateur TrBe


Innate Abilities, Weirdness & Mutations

You thrive by killing the living.
You are immune to poison.
You have sharp fingernails.
Your flesh is cold resistant. (rC+)
You are immune to negative energy. (rN+++)
You do not regenerate when monsters are visible.
You are immune to unholy pain and torment.
You can survive without breathing.


Message History

Press: ? - help, Dir - move target, p - Zanetsu's ghost
As you read the scroll of blinking, it crumbles to dust.
c - a bubbling ruby potion
Okay, then.
It was a potion of resistance.
You feel protected.
Zanetsu's ghost is nearby!
Throw: 2 boomerangs (disperse)
Press: ? - help, Q - select action, (/) - cycle Shift-Dir - straight line, f - Zanetsu's ghost
Aim: Zanetsu's ghost (lightly damaged)
You throw a boomerang of dispersal.
The boomerang of dispersal hits Zanetsu's ghost but does no damage.
Zanetsu's ghost is lightly damaged.
Throw: boomerang (disperse)
Press: ? - help, Q - select action, (/) - cycle Shift-Dir - straight line, f/p - Zanetsu's ghost
Aim: Zanetsu's ghost (lightly damaged)
You throw a boomerang of dispersal.
The boomerang of dispersal barely misses Zanetsu's ghost.
Zanetsu's ghost hits you!
You die...

#O$.$..g##.............#
#8.$8$!8#...##.#.##.##.#
#..._$$.#....#......##.##
##.$)..##.....##.#####..#
####'''##...... #.# ##.#
#............#. #.# #.#
#.##...###... ..# #.#
#..W###.# .# ####.##
#.....#@# #......
#.###..#.#W# #.##.##
#......#.#.# #.##.##
#####?.....# #.#..##
####.### #.#.###
####.#### #.#.###
#.......# #####......
#.##.##.#####.......### #
#.##.......#######


You could see Zanetsu's ghost.

Vanquished Creatures
  A leopard gecko (D:1)
  An orc (D:3)
  3 giant cockroaches
  8 goblins
  2 hobgoblins
  4 jackals (D:1)
  3 kobolds
  A ball python (D:1)
  4 bats
  3 frilled lizards
  3 rats
33 creatures vanquished.

Notes
Turn   | Place    | Note
-------+----------+-------------------------------------------
     0 | D:1      | Mattiprrivan the Ghoul Warper began the quest for the Orb.
     0 | D:1      | Reached XP level 1. HP: 17/17 MP: 2/2
   103 | D:1      | Reached skill level 1 in Armour
   167 | D:1      | Reached XP level 2. HP: 24/24 MP: 3/3
   356 | D:1      | Reached skill level 1 in Throwing
   698 | D:1      | Reached skill level 3 in Translocations
   713 | D:1      | Reached XP level 3. HP: 28/30 MP: 4/4
   829 | D:2      | Found a shimmering altar of Xom.
   830 | D:2      | Found a burning altar of Makhleb.
   837 | D:2      | Became a worshipper of Makhleb the Destroyer
   855 | D:2      | Found a bloodstained altar of Trog.
   939 | D:2      | Found a basalt altar of Yredelemnul.
  1009 | D:2      | Learned a level 3 spell: Gell's Gravitas
  1107 | D:2      | Reached skill level 1 in Stealth
  1291 | D:2      | Found an ornate altar of the Wu Jian Council.
  1302 | D:2      | Found an opulent altar of Gozag.
  1312 | D:2      | Found a sacrificial altar of Ru.
  1315 | D:2      | Found a sparkling altar of Nemelex Xobeh.
  1538 | D:3      | Found a runed translucent gate.
  1538 | D:3      | Found a runed translucent gate.
  1538 | D:3      | Found a runed translucent gate.
  1540 | D:3      | Found an opulent altar of Gozag.
  1540 | D:3      | Noticed an ogre
  1542 | D:3      | Noticed Zanetsu's ghost (amateur TrBe)
  1560 | D:3      | Mangled by Zanetsu's ghost

Illustrated notes

Levels and vault maps discovered:
D:1:      minmay_arrival_nine_rooms, layout_basic, corexii_hall_statues_s
D:2:      layout_rooms, grunt_temple_overflow_open, lemuel_doored_altar,
          bloody_trog, grunt_temple_overflow_cloverleaf
D:3:      layout_loops_cross, ebering_ghost_gozag, elyvilon_altar_3

Skill      XL: |  1  2  3 |
---------------+----------+-----
Armour         | 1 |  1.1
Throwing       | 1 |  1.0
Dodging        | 2 |  2.1
Translocations | 3 |  3.0
Stealth        | 1 |  1.0
Fighting       | |  2.3
Maces & Flails | |  0.2
Unarmed Combat | |  2.4
Spellcasting   | |  1.9
Evocations     | |  0.2

Action                   || total
-------------------------++-------
Melee: Unarmed           ||    94
Throw: Boomerang         ||     5
Evoke: Wand              ||     7
  Use: Scroll            ||     9
       Potion            ||     7
Armor: Leather armour    ||    27
Dodge: Dodged            ||    57
